 Dungeon Crawl Stone Soup version 0.32-a0-876-gcfddb08e57 (webtiles) character file.

Game seed: 16149963198073946658

75659 Lanoc the Marksgoblin (level 15, -12/125 HPs)
             Began as a Coglin Hunter on Apr 1, 2024.
             Was the Champion of Okawaru.
             Killed from afar by a hell hog (30 damage)
             ... with a fireball
             ... on level 5 of the Lair of Beasts.
             The game lasted 00:38:49 (14416 turns).

Lanoc the Marksgoblin (Coglin Hunter)              Turns: 14416, Time: 00:38:49

Health: -12/125    AC:  9    Str:  8    XL:     15   Next: 50%
Magic:  15/15      EV: 24    Int:  9    God:    Okawaru [******]
Gold:   2139       SH:  0    Dex: 28    Spells: 14/14 levels left

rFire   . . .        l - +9 hand cannon (flame) {Udom}
rCold   + . .        J - +0 hand cannon (freeze) {Kasem}
rNeg    . . .        Q - +2 robe {Will+}
rPois   .            y - +2 helmet "Sopsinny" {rElec Dex+3}
rElec   +            I - +0 cloak of the Manifold Mice {Harm rC+ Regen+ Str-3}
rCorr   .            h - +0 pair of gloves
SInv    .            (no boots)
Will    ++...        (amulet unavailable)
Stlth   ++           (ring unavailable)
HPRegen 1.20/turn    (ring unavailable)
MPRegen 0.14/turn    E
                       - N-40 supermodule {rElec Slay+3 Clar RMsl}

%: harm (+30% outgoing, +20% incoming), repel missiles, clarity
@: revving
A: off-hand wielding, slow wielding, warmup strikes, no jewellery
a: Renounce Religion, Heroism, Finesse, Duel


You were on level 5 of the Lair of Beasts.
You worshipped Okawaru.
Okawaru was exalted by your worship.
You visited 3 branches of the dungeon, and saw 21 of its levels.
You also visited: Sewer, Bailey and Ice Cave.

You collected 2183 gold pieces.
You spent 44 gold pieces at shops.

Inventory:

Hand Weapons
 a - a +3 heavy sling {Johann}
 c - the +8 short sword of Honour {antimagic, Int+2}
   (You found it on level 2 of the Dungeon)

   Int+2:     It affects your intelligence (+2).
 l - a +9 hand cannon of flaming (weapon) {Udom}
 J - a +0 hand cannon of freezing (offhand) {Kasem}
Missiles
 r - 4 curare-tipped darts
 K - 6 atropa-tipped darts
 L - 2 datura-tipped darts
Armour
 h - a +0 pair of gloves (worn)
 o - a +2 leather armour of willpower
 y - the +2 helmet "Sopsinny" (worn) {rElec Dex+3}
   (You found it on level 8 of the Dungeon)

   Dex+3:     It affects your dexterity (+3).
   rElec:     It insulates you from electricity.
 B - a +1 cloak of preservation
 I - the +0 cloak of the Manifold Mice (worn) {Harm rC+ Regen+ Str-3}
   (Okawaru gifted it to you on level 10 of the Dungeon)

   Str-3:     It affects your strength (-3).
   rC+:       It protects you from cold.
   Regen+:    It increases your rate of health regeneration.
   Harm:      It increases damage dealt and taken.
 Q - a +2 robe of willpower (worn)
Gizmo
 E - a N-40 supermodule (installed) {rElec Slay+3 Clar RMsl}
   (You invented it yourself on level 13 of the Dungeon)

   [N-40 supermodule]

   Slay+3:    It affects your accuracy & damage with ranged weapons and melee
   (+3).
   rElec:     It insulates you from electricity.
   Clar:      It protects you from confusion, rage, mesmerisation and fear.
   RMsl:      It protects you from missiles.
Talismans
 z - a talisman of death
Wands
 D - a wand of flame (40)
 F - a wand of polymorph (13)
 H - a wand of mindburst (21)
 R - a wand of iceblast (3)
Scrolls
 b - a scroll of butterflies
 d - 5 scrolls of fog
 e - a scroll of silence
 i - 7 scrolls of poison
 j - a scroll of vulnerability
 n - 3 scrolls of immolation
 q - 5 scrolls of fear
 s - 5 scrolls of teleportation
 u - a scroll of identify
 M - 3 scrolls of enchant armour
 N - 2 scrolls of amnesia
 O - a scroll of noise
 P - 2 scrolls of revelation
Potions
 f - 2 potions of lignification
 g - 5 potions of curing
 k - 4 potions of might
 m - 3 potions of enlightenment
 p - 3 potions of haste
 t - 2 potions of magic
 v - a potion of heal wounds
 w - 2 potions of resistance
 x - 2 potions of attraction
 A - 2 potions of mutation
 C - 3 potions of brilliance
 G - a potion of invisibility


   Skills:
 + Level 13.9 Fighting
 * Level 17.8 Ranged Weapons
 + Level 12.8 Dodging
 - Level 0.7 Stealth


You had 14 spell levels left.
You didn't know any spells.
Your spell library contained the following spells:

 Spells                   Type           Power      Damage    Failure   Level
 Magic Dart               Conj           0%         1d3       38%         1
 Blink                    Tloc           0%         N/A       52%         2
 Ensorcelled Hibernation  Hex/Ice        0%         N/A       52%         2
 Lesser Beckoning         Tloc           0%         N/A       52%         2
 Momentum Strike          Conj/Tloc      0%         3d8       52%         2
 Scorch                   Fire           0%         2d5       52%         2
 Searing Ray              Conj           0%         2d4       52%         2
 Fugue of the Fallen      Necr           0%         N/A       77%         3
 Inner Flame              Hex/Fire       0%         N/A       77%         3
 Anguish                  Hex/Necr       0%         N/A       99%         4
 Cause Fear               Hex            0%         N/A       99%         4
 Flame Wave               Conj/Fire      0%         2d4       99%         4
 Fulminant Prism          Conj/Alch      0%         3d5       99%         4
 Fireball                 Conj/Fire      0%         3d3       100%        5
 Irradiate                Conj/Alch      0%         3d11      100%        5
 Conjure Ball Lightning   Conj/Air       0%         3x3d6     100%        6
 Discord                  Hex            0%         N/A       100%        8
 Disjunction              Tloc           0%         N/A       100%        8
 Ignition                 Fire           0%         3d3       100%        8
 Call Imp                 Summ           Unusable   N/A       N/A         2
 Summon Cactus Giant      Summ           Unusable   N/A       N/A         6
 Dragon's Call            Summ           Unusable   N/A       N/A         9

Dungeon Overview and Level Annotations

Branches:
Dungeon (15/15)            Temple (1/1) D:5            Lair (5/5) D:11
 Shoals (0/4) Lair:3          Orc (0/2) D:11         Vaults (0/5) D:13
 Depths (0/4) D:15          Sewer (visited)          Bailey (visited)
  IceCv (visited)
  Snake: Lair:2-3    Spider: Lair:2-3     Slime: Lair:4-5

Altars:
Ashenzari
Cheibriados
Dithmenos
Elyvilon
Fedhas
Gozag
Hepliaklqana
Kikubaaqudgha
Makhleb
Nemelex Xobeh
Okawaru
Qazlal
Ru
Sif Muna
Trog
Uskayaw
Vehumet
Wu Jian
Xom
Yredelemnul
Zin
The Shining One
Beogh

Shops:
D:1 :   D:5 :   D:7 [:   D:9 *   D:10 [   D:13 *

Portals:
Trove: D:14 (give +3 ice dragon scales)

Annotations:
D:4 1 runed translucent door, Lanoc's ghost, amateur CoGl
D:5 1 runed translucent door, Autsider's ghost, novice DEHW
D:8 1 transporter, shadizar's ghost, novice DjCj
D:14 3 runed translucent doors, Lanoc's ghost, journeyman CoGl


Innate Abilities, Weirdness & Mutations

You can wield a second weapon in your off-hand.
It takes a long time for you to wield or remove held weapons.
Your first few attacks do less damage.
You cannot equip rings or amulets.


Message History

a lindwurm skeleton; a basilisk skeleton You see here a komodo dragon skeleton.
You see here a black mamba skeleton.
Things that are here:
a lindwurm skeleton; a basilisk skeleton You see here a hell hound skeleton.
You see here a hell hound skeleton.
You see here a hell hound skeleton.
You see here a hell hound skeleton.
The hell hog squeals angrily. x2
You see here 2 boomerangs.
Things that are here:
a lindwurm skeleton; a basilisk skeleton Why would you want to do that?
You open the large door. The hell hog breathes fire at you.
The fireball explodes!
The fireball engulfs you!!! The hell hog breathes fire at you.
The fireball explodes!
The fireball engulfs you!
You shoot a slug. The slug hits the hell hog!
The slug freezes the hell hog.
The hell hog is moderately wounded.
You shoot a slug. The slug closely misses the hell hog.
The hell hog misses you.
You shoot a slug. The slug hits the hell hog.
The slug freezes the hell hog.
The hell hog is moderately wounded.
You shoot a slug. The slug hits the hell hog!!
The hell hog is severely wounded.
The hell hog misses you. The hell hog bites you!
The hell hog breathes fire at you.
The fireball explodes!
The fireball engulfs you!!
* * * LOW HITPOINT WARNING * * *
The fireball engulfs the hell hog.
The hell hog completely resists.
The fireball engulfs the hell hog.
The hell hog completely resists.
As you read the scroll of fear, it crumbles to dust.
You assume a fearsome visage.
The hell hog looks frightened!
The hell hog resists with some effort.
The hell hog bites you!
* * * LOW HITPOINT WARNING * * *
The hell hog breathes fire at you.
The fireball explodes!
The fireball engulfs you!!
You die...

#....÷....≈≈§######≈≈≈§.§###### #
........#≈≈≈##)$$!##§§##÷##ß#ß# #
......##≈≈§≈#$$..|$#≈≈#......# #
##........≈≈#......#≈#......#ß###
##.......#≈#......#§§..÷...# #.
##.÷....#≈#......#.§...÷..# #. #
#......##≈##h...##.§#.÷...## ## #
##....##≈≈≈##☼h##§§≈#......####
###ß#ß.####≈≈≈≈☼@○≈§≈#.........##
.#####.≈≈####≈≈.§§≈.............#
.# #≈≈§###..≈..§...........####
## §≈§§##...............#### ##
§≈#≈≈≈§........§§≈≈≈≈## ###. §#
###≈≈§≈.....≈§≈≈### ###.#.
##§≈≈§≈§§≈§≈### ##..##. # ####
##.#≈≈≈§§§§§# #...##. ###
#..#######ß#ß###§≈# ##...##.


You could see 2 hell hogs.

Vanquished Creatures
  An azure jelly (IceCv)
  A quicksilver ooze (IceCv)
  Snorg (D:10)
  A quicksilver dragon zombie (D:15)
  4 vault guards (D:13)
  Erolcha (D:10)
  3 hydras
  4 two-headed ogres
  8 centaur warriors
  A boulder beetle (D:15)
  A vampire mage (D:15)
  A tengu warrior (D:15)
  Sonja (D:10)
  8 skeletal warriors (D:15)
  A spark wasp zombie (D:15)
  2 arcanists (D:13)
  A lindwurm (Lair:5)
  2 necromancers
  3 harpies (Lair:3)
  2 orc knights
  A deep elf pyromancer (D:14)
  Pikel (D:9)
  An orc sorcerer (D:15)
  23 ugly things
  2 manticores
  4 cyclopes
  Maurice (D:10)
  2 ice statues (IceCv)
  7 black mambas
  2 molten gargoyles (Lair:5)
  2 unseen horrors
  12 cane toads
  Jeremiah (D:9)
  A yaktaur (D:13)
  A kobold demonologist (D:12)
  2 rime drakes (D:11)
  4 komodo dragons (Lair:5)
  4 polar bears
  A tengu conjurer (D:15)
  2 trolls
  Sigmund (D:2)
  23 slime creatures (IceCv)
  A centaur simulacrum (D:15)
  A wraith (D:9)
  A vampire (D:11)
  5 shadows
  3 wyverns
  25 yaks
  15 humans (D:13)
  5 basilisks
  17 vampire mosquitoes
  4 steam dragons
  6 great orb of eyes simulacra (IceCv)
  An acid dragon (D:8)
  12 water moccasins
  4 hell hounds (Lair:5)
  21 orc warriors
  3 ice beasts
  A black bear (D:5)
  6 laughing skulls
  A crocodile (Sewer)
  2 ogres (D:6)
  3 wolves (D:11)
  10 centaurs
  2 lemures (D:9)
  A phantom (D:6)
  2 slime creature simulacra (IceCv)
  3 bullfrogs
  A kobold brigand (Sewer)
  A gnoll sergeant (D:10)
  5 scorpions
  2 glowing shapeshifter simulacra (IceCv)
  3 wights (D:7)
  3 killer bees (D:7)
  4 electric eels
  6 howler monkeys
  2 bombardier beetles (D:5)
  5 lava snakes (Lair:5)
  9 hounds
  2 jellies
  7 orc priests
  Crazy Yiuf (D:6)
  3 sleepcaps
  4 iguanas
  10 orc wizards
  2 shapeshifter simulacra (IceCv)
  14 gnolls
  7 adders
  5 river rats (Sewer)
  2 white imps
  2 ufetubi (D:7)
  8 ribbon worms
  3 dart slugs
  58 orcs
  12 ball pythons
  9 endoplasms
  7 giant cockroaches
  10 goblins
  7 hobgoblins
  4 jackals (D:3)
  4 quokkas
  2 bats (D:2)
  7 frilled lizards
  11 kobolds
  8 rats
550 creatures vanquished.

Vanquished Creatures (others)
  A slime creature (IceCv)
1 creature vanquished.

Grand Total: 551 creatures vanquished

Notes
Turn   | Place    | Note
-------+----------+-------------------------------------------
     0 | D:1      | Lanoc the Coglin Hunter began the quest for the Orb.
     0 | D:1      | Reached XP level 1. HP: 16/16 MP: 1/1
   208 | D:1      | Reached XP level 2. HP: 22/22 MP: 2/2
   307 | D:1      | Found Poiqiomi's Book Boutique.
   363 | D:1      | Reached skill level 4 in Ranged Weapons
   468 | D:1      | Reached XP level 3. HP: 28/28 MP: 3/3
   928 | D:2      | Noticed Sigmund
   935 | D:2      | Killed Sigmund
   936 | D:2      | Reached skill level 5 in Ranged Weapons
   936 | D:2      | Reached XP level 4. HP: 35/35 MP: 4/4
   936 | D:2      | Reached XP level 5. HP: 41/41 MP: 5/5
  1030 | D:2      | Identified the +8 short sword of Honour {antimagic, Int+2}
  1251 | D:2      | Reached XP level 6. HP: 46/47 MP: 6/6
  1710 | D:3      | Found a glowing silver altar of Zin.
  1710 | D:3      | Found a white marble altar of Elyvilon.
  1714 | D:3      | Found a basalt altar of Yredelemnul.
  1986 | D:3      | Found an iron altar of Okawaru.
  1991 | D:3      | Became a worshipper of Warmaster Okawaru
  2303 | D:3      | Found a stormy altar of Qazlal.
  2305 | D:3      | Found a hazy altar of Hepliaklqana.
  2808 | D:4      | Reached XP level 7. HP: 49/53 MP: 2/7
  2955 | D:4      | Found a runed translucent door.
  2960 | D:4      | Noticed Lanoc's ghost (amateur CoGl)
  3021 | D:4      | Reached skill level 6 in Ranged Weapons
  3263 | D:5      | Entered Level 5 of the Dungeon
  3298 | D:5      | Identified 2 scrolls of acquirement
  3298 | D:5      | Acquired a +6 hand cannon of flaming
  3300 | D:5      | Acquired 1199 gold pieces
  3373 | D:5      | Found Jixeq's Book Boutique.
  3413 | D:5      | Found a staircase to the Ecumenical Temple.
  3422 | Temple   | Entered the Ecumenical Temple
  3515 | D:5      | Reached * piety under Okawaru
  3516 | D:5      | Reached XP level 8. HP: 60/61 MP: 8/8
  3614 | D:5      | Found a glowing drain.
  3625 | Sewer    | Entered a sewer
  3751 | Sewer    | Reached skill level 7 in Ranged Weapons
  3861 | Sewer    | Reached skill level 5 in Fighting
  4040 | D:5      | Found a runed translucent door.
  4041 | D:5      | Noticed Autsider's ghost (novice DEHW)
  4664 | D:6      | Reached skill level 5 in Dodging
  4676 | D:6      | Identified the +1 war axe "Fenualo" {freeze, Str+4 Dex+3}
  4806 | D:6      | Reached skill level 8 in Ranged Weapons
  4845 | D:6      | Reached ** piety under Okawaru
  4846 | D:6      | Reached XP level 9. HP: 69/69 MP: 9/9
  4905 | D:6      | Found a runed translucent door.
  4906 | D:6      | Noticed Crazy Yiuf
  4911 | D:6      | Killed Crazy Yiuf
  5410 | D:7      | Found Turr's Book Shop.
  5550 | D:7      | Reached skill level 9 in Ranged Weapons
  5578 | D:7      | Found Askavvu's Armour Emporium.
  5845 | D:8      | Found an ornate altar of the Wu Jian Council.
  5964 | D:8      | Identified the +2 helmet "Sopsinny" {rElec Dex+3}
  6001 | D:8      | Found a flagged portal.
  6006 | Bailey   | Entered a bailey
  6075 | Bailey   | Reached *** piety under Okawaru
  6261 | Bailey   | Reached XP level 10. HP: 70/79 MP: 10/10
  6444 | Bailey   | Noticed an orc knight
  6451 | Bailey   | Killed an orc knight
  6452 | Bailey   | Reached skill level 10 in Ranged Weapons
  6464 | Bailey   | Reached **** piety under Okawaru
  6636 | D:8      | Identified the +3 kite shield of Hide-and-Seek {+Blink rF+
                  | rCorr}
  6636 | D:8      | Identified the amulet "Nifick" {Acrobat Dex+2}
  6640 | D:8      | Noticed shadizar's ghost (novice DjCj)
  6652 | D:8      | Found a transporter.
  6698 | D:8      | Found a transporter.
  6791 | D:8      | Found a sacrificial altar of Ru.
  7413 | D:9      | Noticed a two-headed ogre
  7417 | D:9      | Killed a two-headed ogre
  7468 | D:9      | Found Afamow's Serpentskin Sales.
  7472 | D:9      | Reached ***** piety under Okawaru
  7481 | D:9      | Reached skill level 11 in Ranged Weapons
  7643 | D:9      | Bought a scroll of poison for 44 gold pieces
  7691 | D:9      | Noticed Pikel
  7700 | D:9      | Killed Pikel
  7816 | D:9      | Noticed Jeremiah
  7821 | D:9      | Killed Jeremiah
  7822 | D:9      | Reached XP level 11. HP: 87/87 MP: 11/11
  8120 | D:10     | Entered Level 10 of the Dungeon
  8178 | D:10     | Noticed Erolcha
  8212 | D:10     | Killed Erolcha
  8212 | D:10     | Received a gift from Okawaru
  8299 | D:10     | Noticed a two-headed ogre
  8304 | D:10     | Killed a two-headed ogre
  8305 | D:10     | Reached skill level 12 in Ranged Weapons
  8474 | D:10     | Noticed Snorg
  8481 | D:10     | Killed Snorg
  8491 | D:10     | Noticed Maurice
  8493 | D:10     | Reached ****** piety under Okawaru
  8500 | D:10     | Killed Maurice
  8549 | D:10     | Noticed Sonja
  8551 | D:10     | Killed Sonja
  8575 | D:10     | Acquired the +0 cloak of the Manifold Mice {Harm rC+ Regen+
                  | Str-3}
  8575 | D:10     | Received a gift from Okawaru
  8586 | D:10     | Acquired a +0 hand cannon of freezing
  8586 | D:10     | Received a gift from Okawaru
  8671 | D:10     | Found a snail-covered altar of Cheibriados.
  8671 | D:10     | Found Cheibriados's Comfort Zone.
  8925 | D:11     | Found a frozen archway.
  8936 | IceCv    | Entered an ice cave
  8944 | IceCv    | Received a gift from Okawaru
  9046 | IceCv    | Reached XP level 12. HP: 76/97 MP: 12/12
  9088 | IceCv    | Reached skill level 13 in Ranged Weapons
  9116 | IceCv    | Reached skill level 10 in Fighting
  9164 | IceCv    | Received a gift from Okawaru
  9191 | IceCv    | Noticed a quicksilver ooze
  9193 | IceCv    | Killed a quicksilver ooze
  9193 | IceCv    | Noticed an azure jelly
  9196 | IceCv    | Killed an azure jelly
  9196 | IceCv    | Received a gift from Okawaru
  9197 | IceCv    | Reached skill level 14 in Ranged Weapons
  9201 | IceCv    | Found a viscous altar of Jiyva.
  9218 | IceCv    | Identified the ring of Dobred {+Blink Str+3 Int+3 Dex+6}
  9361 | D:11     | Found a staircase to the Lair.
  9435 | D:11     | Found a roughly hewn altar of Beogh.
  9435 | D:11     | Found a staircase to the Orcish Mines.
  9442 | D:11     | Reached skill level 10 in Dodging
  9555 | D:11     | Noticed a two-headed ogre
  9557 | D:11     | Killed a two-headed ogre
  9558 | D:11     | Reached XP level 13. HP: 106/106 MP: 13/13
  9580 | D:11     | Found a glowing silver altar of Zin.
 10027 | D:12     | Received a gift from Okawaru
 10728 | D:13     | Found Gengac's Assorted Antiques.
 10826 | D:13     | Found a bloodstained altar of Trog.
 10875 | D:13     | Reached skill level 15 in Ranged Weapons
 11213 | D:13     | Received a gift from Okawaru
 11255 | D:13     | Noticed a vault guard
 11257 | D:13     | Noticed a vault guard
 11277 | D:13     | Killed a vault guard
 11284 | D:13     | Noticed a vault guard
 11289 | D:13     | Killed a vault guard
 11301 | D:13     | Noticed a vault guard
 11303 | D:13     | Killed a vault guard
 11309 | D:13     | Killed a vault guard
 11309 | D:13     | Received a gift from Okawaru
 11362 | D:13     | Found a gate to the Vaults.
 11576 | D:14     | Reached XP level 14. HP: 92/115 MP: 14/14
 11582 | D:14     | Found a portal to a secret trove of treasure.
 11640 | D:13     | Acquired a N-40 supermodule {rElec Slay+3 Clar RMsl}
 11702 | D:14     | Received a gift from Okawaru
 11704 | D:14     | Reached skill level 16 in Ranged Weapons
 11809 | D:14     | Found a runed translucent gate.
 11809 | D:14     | Found a runed translucent gate.
 11813 | D:14     | Found a runed translucent gate.
 11817 | D:14     | Noticed Lanoc's ghost (journeyman CoGl)
 11968 | D:14     | Found a blossoming altar of Fedhas.
 12089 | D:14     | Found a roughly hewn altar of Beogh.
 12090 | D:14     | Identified the +2 buckler of Boenusa {rC+ rCorr Dex-4}
 12119 | D:15     | Entered Level 15 of the Dungeon
 12172 | D:15     | Found a staircase to the Depths.
 12302 | D:15     | Received a gift from Okawaru
 12356 | D:15     | Paralysed by an orc sorcerer for 5 turns
 12468 | D:15     | Received a gift from Okawaru
 12530 | D:15     | Reached skill level 17 in Ranged Weapons
 12691 | D:15     | Received a gift from Okawaru
 12692 | D:15     | Reached XP level 15. HP: 100/124 MP: 15/15
 13028 | Lair:1   | Entered Level 1 of the Lair of Beasts
 13388 | Lair:3   | Received a gift from Okawaru
 13397 | Lair:3   | Found a staircase to the Shoals.
 13416 | Lair:5   | Entered Level 5 of the Lair of Beasts
 13962 | Lair:5   | Received a gift from Okawaru
 13983 | Lair:5   | Found a large runed translucent door.
 13985 | Lair:5   | Found a large runed translucent door.
 14416 | Lair:5   | Killed from afar by a hell hog

Illustrated notes

Levels and vault maps discovered:
D:1:      saegor_arrival_simple_b, layout_basic, serial_shops,
          nicolae_shop_real_fake_doors, roderic_roman_lattice, minmay_tromino_v7
D:2:      layout_loops_cross, uniq_sigmund
D:3:      layout_loops_corners, mainiacjoe_overflow_24_doors,
          nicolae_overflow_hidden_temple, nicolae_the_louvre
D:4:      layout_loops_cross, ebering_ghost_reflecting_pool,
          minmay_misc_feat_rows, grunt_ministairs_13
D:5:      layout_loops_ring, minmay_temple_entry_slanted, serial_shops,
          nicolae_book_shop_shelving, ebering_ghost_reflecting_pool,
          portal_sewer_entry_e, chequers_serial_rivers_marsh
D:6:      layout_cave_pods, kennysheep_generic_room_2, uniq_crazy_yiuf_cottage
D:7:      layout_cave_pools, serial_shops, nicolae_shop_scrapyard,
          nicolae_shop_statue_plus, nrook_pool_corridor
D:8:      layout_rooms, mainiacjoe_overflow_brackets,
          nicolae_ru_sacrificial_ziggurat, enter_bailey_3,
          gammafunk_ghost_gnarly_gnolls
D:9:      layout_basic, guppyfry_shop_venom, uniq_pikel, uniq_jeremiah
D:10:     layout_basic, minmay_crystal_room, kennysheep_cluttered_room,
          minmay_shop_chei, uniq_sonja, uniq_maurice, uniq_snorg, uniq_erolcha
D:11:     layout_loops_ring, erik_lair_island, david_orc_5,
          portal_ice_cave_rime, zin_scriptorium
D:12:     layout_stronghold
D:13:     layout_irregular_city, grunt_vaults_entry_tiered, serial_shops,
          nicolae_shop_advertising_works [nicolae_subvault_shop_adworks],
          trog_ov_bears_minmay
D:14:     layout_cave_pools, enter_trove_0, biasface_ghost_orc_armoury,
          grunt_decor_fettered, fedhas_altar_fruit_tree
D:15:     gammafunk_depths_entry_grave, layout_irregular_city,
          nicolae_lava_and_water
Temple:   eino_temple_water
Lair:1:   layout_loops_ring, grunt_forest_small_clearing_treed,
          grunt_megastairs_3, lemuel_fruit_fields
Lair:2:   layout_gridlike
Lair:3:   layout_roguey, nicolae_shoals_entry_roost, nicolae_snake_entry_squirm,
          grunt_megastairs_5
Lair:4:   layout_roguey, minmay_slime_entry_oklob_enclosed
Lair:5:   cheibrodos_lair_end_hotspot, layout_long_grid,
          chequers_serial_rivers_large_a, lookout_lair_type

Skill      XL: |  1  2  3  4  5  6  7  8  9 10 11 12 13 14 |
---------------+-------------------------------------------+-----
Dodging        | 2 3 4 5 6 7 8 10 11 12 | 12.8
Ranged Weapons | 4 5 6 8 9 11 12 14 15 17 | 17.8
Fighting       | 3 4 5 7 8 9 11 12 13 | 13.9
Stealth        | |  0.7

Action                     |  1- 3 |  4- 6 |  7- 9 | 10-12 | 13-15 || total
---------------------------+-------+-------+-------+-------+-------++-------
  Melee: Short sword       |       |    44 |    13 |       |       ||    57
         Whip              |       |    37 |    10 |       |       ||    47
   Fire: Sling             |   134 |   122 |   198 |   131 |       ||   585
         Hand cannon       |       |       |   198 |   437 |   714 ||  1349
 Invoke: Receive Weapon    |       |       |       |     1 |       ||     1
         Receive Armour    |       |       |       |     1 |       ||     1
Ability: Invent Gizmo      |       |       |       |       |     1 ||     1
    Use: Scroll            |       |       |    21 |     9 |     7 ||    37
         Potion            |       |       |     1 |     1 |       ||     2
   Stab: Sleeping          |       |     3 |     3 |       |       ||     6
 Armour: Leather armour    |     6 |       |       |       |       ||     6
         Robe              |       |    37 |    52 |    25 |    41 ||   155
  Dodge: Dodged            |     9 |    59 |    67 |    45 |    72 ||   252
         Repelled          |       |       |       |       |     8 ||     8

Table legend: (Time is in decaauts)
 A = Elapsed time spent in this place.
 B = Non-inter-level travel time spent in this place.
 C = Inter-level travel time spent in this place.
 D = Time resting spent in this place.
 E = Time spent auto-exploring this place.
 F = Levels seen in this place.
 G = Mean time per level.
                   A        B        C        D        E       F      G
               +--------+--------+--------+--------+--------+-----+--------+
         Total |  14704 |  14142 |    562 |    576 |  10114 |  24 |  612.7 |
       Dungeon |  11910 |  11350 |    560 |    354 |   8529 |  15 |  794.0 |
        Temple |      1 |      1 |      0 |      0 |      0 |   1 |    1.0 |
          Lair |   1395 |   1394 |      1 |      0 |   1088 |   5 |  279.0 |
         Sewer |    386 |    386 |      0 |      0 |    275 |   1 |  386.0 |
        Bailey |    630 |    630 |      0 |    208 |    187 |   1 |  630.0 |
      Ice Cave |    380 |    380 |      0 |     14 |     34 |   1 |  380.0 |
               +--------+--------+--------+--------+--------+-----+--------+

Top non-repeatable levels by time:
     D:3: 1140 daAuts
  Lair:5: 1006 daAuts
     D:9: 968 daAuts
    D:13: 914 daAuts
    D:15: 860 daAuts
    D:12: 855 daAuts
     D:5: 832 daAuts
     D:6: 787 daAuts
    D:10: 776 daAuts
     D:8: 755 daAuts
     D:1: 755 daAuts
     D:4: 752 daAuts
     D:7: 669 daAuts
    D:11: 666 daAuts
     D:2: 642 daAuts
